 Dungeon Crawl Stone Soup version 0.28-a0-1565-g95a8017c83 (webtiles) character file.

Game seed: 11214379564386419008

522 tilp the Chiller (level 7, 32/32 HPs)
             Began as a Felid Ice Elementalist on Jan 19, 2022.
             Was a Believer of Vehumet.
             Quit the game on level 7 of the Dungeon.
             The game lasted 00:14:45 (8829 turns).

tilp the Chiller (Felid Ice Elementalist)           Turns: 8829, Time: 00:14:46

Health: 32/32      AC:  2    Str:  4    XL:     7   Next: 1%
Magic:  12/12      EV: 18    Int: 18    God:    Vehumet [**....]
Gold:   327        SH:  0    Dex: 17    Spells: 0/12 levels left
                                        Lives:  0   Deaths: 2

rFire   . . .      SeeInvis +     - Unarmed
rCold   . . .      Faith    .   (shield unavailable)
rNeg    . . .      Spirit   .   (armour unavailable)
rPois   .          Reflect  .   (helmet unavailable)
rElec   .          Harm     .   (cloak unavailable)
rCorr   .          Rampage  .   (gloves unavailable)
Will    +....                   (boots unavailable)
Stlth   +++.......              i - amulet of magic regeneration
HPRegen 0.10/turn               (no ring)
MPRegen 0.53/turn               (no ring)

@: quick
A: very small, claws 1, fangs 3, see invisible, speed 1, shaggy fur 2, stealthy
paws, no weapons or thrown items, no armour, multi-lived
a: Renounce Religion


You were on level 7 of the Dungeon.
You worshipped Vehumet.
Vehumet was pleased with you.
You visited 1 branch of the dungeon, and saw 7 of its levels.
You also visited: Sewer.

You collected 327 gold pieces.

Inventory:

Jewellery
 d - an amulet of reflection
 i - an amulet of magic regeneration (around neck)
Wands
 j - a wand of flame (12)
 l - a wand of iceblast (11)
Scrolls
 k - a scroll of enchant weapon {unknown}
 n - a scroll of amnesia {unknown}
Potions
 a - a potion of invisibility
 b - 2 potions of attraction
 e - a potion of flight
 f - a potion of haste {unknown}
 g - a potion of cancellation {unknown}
 h - a potion of mutation {unknown}
 m - 2 potions of ambrosia {unknown}


   Skills:
 - Level 4.0 Fighting
 - Level 4.0 Dodging
 - Level 6.0 Stealth
 - Level 4.0 Unarmed Combat
 + Level 3.3 Spellcasting
 + Level 1.1 Conjurations
 + Level 6.1 Ice Magic
 - Level 4.0 Evocations


You couldn't memorise any spells.
You knew the following spells:

 Your Spells              Type           Power      Damage    Failure   Level
a - Freeze                Ice            100%       1d11      1%          1
b - Frozen Ramparts       Ice            50%        1d7       3%          3
c - Ozocubu's Armour      Ice            25%        N/A       3%          3
d - Hailstorm             Conj/Ice       16%        3d6       34%         4
e - Foxfire               Conj/Fire      16%        2x1d4     13%         1

Your spell library contained the following spells:

 Spells                   Type           Power      Damage    Failure   Level
 Malign Gateway           Summ/Tloc      1%         N/A       100%        7
 Summon Horrible Things   Summ           1%         N/A       100%        8


Dungeon Overview and Level Annotations

Branches:
Dungeon (7/15)             Temple (0/1) D:7           Sewer (visited)

Altars:
Dithmenos
Uskayaw
Vehumet
Yredelemnul

Portals:
Bailey: D:7

Annotations:
D:4 Blork the orc, Grinder
D:5 Menkaure


Innate Abilities, Weirdness & Mutations

You have sharp claws.
You have razor-sharp teeth.
You have supernaturally acute eyesight. (SInv)
You cover ground quickly. (Speed+)
You are covered in thick fur. (AC +2)
Your paws help you pounce on unaware monsters.
You are incapable of wielding weapons or throwing items.
You cannot wear armour.
You gain extra lives every three experience levels.


Message History

The water moccasin seems to slow down.
The goblin splashes around in the water.
The goblin misses you.
The phantom hits you but does no damage.
The goblin barely misses you. The phantom hits you!
* * * LOW HITPOINT WARNING * * *
The phantom blinks!
You blink.
Your icy armour cracks and falls away as you move.
Found a scroll labelled MIDIOM XASUB, 10 gold pieces and a dagger.
Casting: Freeze (safe; 1% risk of failure)
Confirm with . or Enter, or press ? or * to list all spells.
Aiming: Freeze (safe; 1% risk of failure)
Press: ? - help, Shift-Dir - straight line, p - water moccasin
Okay, then.
Unknown command.
Okay, then.
You feel better.
Found a stone staircase leading down.
The phantom hits you.
* * * LOW HITPOINT WARNING * * *
An orc priest comes into view. It is wielding a +0 mace of protection.
Found a staircase to the Ecumenical Temple.
The goblin shouts!
The phantom misses you. The goblin hits you but does no damage.
The goblin barely misses you.
The goblin hits you from afar with a +0 spear.
* * * LOW HITPOINT WARNING * * *
The goblin hits you with a +0 spear.
* * * LOW HITPOINT WARNING * * *
The goblin hits you from afar with a +0 spear.
* * * LOW HITPOINT WARNING * * *
The goblin closely misses you. The goblin hits you but does no damage.
The goblin hits you with a +0 spear.
You die...
You are now level 7!
You rejoin the land of the living...
Unknown command.
Unknown command.
Unknown command.
Are you sure you want to abandon this character and quit the game? (Confirm with "yes".)

...........##.......##
....###..........(.##
....# .....#...#..##
.....##........####
.......#.......#
......#.#.#...##
.....###.#....##
##..<..##.#.....#
##.....# #.#...@.#
##......###.#.#.###
.......###Y....##
..............##
....##......###
...####.##.## ####
######


There were no monsters in sight!

Vanquished Creatures
  A black bear (D:6)
  A centaur (D:5)
  A phantom (D:5)
  A kobold brigand (Sewer)
  2 scorpions
  A water moccasin zombie (D:7)
  A wyvern skeleton (D:7)
  3 killer bees (D:7)
  A centaur zombie (D:7)
  2 orc priests
  3 jellies
  A gnoll shaman (D:5)
  Crazy Yiuf (D:3)
  Natasha (thrice) (D:4)
  4 iguanas
  3 orc wizards
  7 adders
  5 gnolls
  3 howler monkey skeletons
  2 river rats
  2 ufetubi
  4 worms (D:4)
  2 dart slugs
  21 orcs
  7 endoplasms
  A giant cockroach (D:1)
  8 goblins
  9 hobgoblins
  3 jackals (Sewer)
  A quokka (D:3)
  6 ball pythons
  8 bats
  2 frilled lizards
  9 kobolds
  10 rats
139 creatures vanquished.

Vanquished Creatures (others)
  14 foxfires (D:7)
14 creatures vanquished.

Grand Total: 153 creatures vanquished

Notes
Turn   | Place    | Note
-------+----------+-------------------------------------------
     0 | D:1      | tilp the Felid Ice Elementalist began the quest for the
                  | Orb.
     0 | D:1      | Reached XP level 1. HP: 7/7 MP: 4/4
   758 | D:1      | Reached XP level 2. HP: 11/11 MP: 1/6
  1633 | D:2      | Reached XP level 3. HP: 14/14 MP: 7/7
  1637 | D:2      | Learned a level 3 spell: Frozen Ramparts
  1666 | D:2      | Found a faded altar of an unknown god.
  2084 | D:2      | Learned a level 3 spell: Ozocubu's Armour
  2354 | D:3      | Found a shadowy altar of Dithmenos.
  2362 | D:3      | Reached XP level 4. HP: 18/18 MP: 3/9
  2714 | D:3      | Found a radiant altar of Vehumet.
  2715 | D:3      | Found a hide-covered altar of Uskayaw.
  2731 | D:3      | Became a worshipper of Vehumet
  2894 | D:3      | Found a runed translucent door.
  2895 | D:3      | Noticed Crazy Yiuf
  3143 | D:3      | Killed Crazy Yiuf
  3144 | D:3      | Reached skill level 5 in Ice Magic
  3295 | D:4      | Reached XP level 5. HP: 21/21 MP: 3/10
  3354 | D:4      | Found a glowing drain.
  3612 | Sewer    | Entered a sewer
  3881 | Sewer    | Found a white marble altar of Elyvilon.
  4132 | D:4      | Gained mutation: You are covered in thick fur. (AC +2)
                  | [Felid growth]
  4132 | D:4      | Reached XP level 6. HP: 21/25 MP: 8/11
  4466 | D:4      | Noticed Blork the orc
  4590 | D:4      | Reached skill level 1 in Fighting
  4590 | D:4      | Reached skill level 1 in Unarmed Combat
  5033 | D:4      | Noticed Natasha
  5040 | D:4      | Killed Natasha
  5107 | D:4      | Noticed Natasha
  5113 | D:4      | Killed Natasha
  5176 | D:4      | Reached * piety under Vehumet
  5176 | D:4      | Offered knowledge of Sandblast by Vehumet.
  5444 | D:4      | Noticed Grinder
  5599 | D:4      | Learned a level 4 spell: Hailstorm
  5623 | D:5      | Entered Level 5 of the Dungeon
  5846 | D:5      | Noticed Menkaure
  5866 | D:5      | Found a basalt altar of Yredelemnul.
  6079 | D:5      | Reached XP level 7. HP: 17/30 MP: 5/12
  6306 | D:4      | Noticed Natasha
  6312 | D:4      | Killed Natasha
  7573 | D:6      | Slain by an ice beast
  7574 | D:6      | Reached XP level 6. HP: -1/28 MP: 11/11
  7683 | D:6      | Reached skill level 1 in Evocations
  7683 | D:6      | Reached XP level 7. HP: 31/31 MP: 5/12
  7753 | D:6      | Reached skill level 5 in Stealth
  7753 | D:6      | Reached ** piety under Vehumet
  7754 | D:6      | Offered knowledge of Foxfire by Vehumet.
  8465 | D:7      | Learned a level 1 spell: Foxfire
  8789 | D:7      | Found a flagged portal.
  8797 | D:7      | HP: 1/32 [killer bee (4)]
  8800 | D:7      | Reached skill level 1 in Conjurations
  8800 | D:7      | Reached XP level 8. HP: 11/36 MP: 6/13
  8809 | D:7      | HP: 1/36 [phantom (8)]
  8815 | D:7      | Found a staircase to the Ecumenical Temple.
  8827 | D:7      | HP: 1/36 [goblin (4)]
  8828 | D:7      | Slain by a goblin
  8829 | D:7      | Reached XP level 7. HP: 0/32 MP: 12/12
  8829 | D:7      | Quit the game

Illustrated notes

Levels and vault maps discovered:
D:1:      minmay_arrival_checkered_box, layout_loops_corners
D:2:      layout_rooms, hellmonk_ecumenical_altar_pennies_from_heaven
D:3:      layout_rooms, gammafunk_temple_overflow_forgotten,
          kennysheep_generic_room_6, uniq_crazy_yiuf_cottage
D:4:      layout_basic, gup_sewer_entry_spiral, kennysheep_small_spiral,
          nicolae_elevator_lobby_plus, uniq_blork_the_orc, uniq_grinder,
          uniq_natasha
D:5:      layout_cave_pools, mainiacjoe_overflow_cross_hatched,
          chequers_serial_rivers_micro_d, hangedman_decor_push, uniq_menkaure
D:6:      layout_basic, st_stairs_7, minmay_misc_feat_encased
D:7:      layout_cave_pools, minmay_temple_entry_proselytizer, enter_bailey_5,
          minmay_misc_feat_roman

Skill      XL: |  1  2  3  4  5  6  7 |
---------------+----------------------+-----
Ice Magic      | 4 5 6 |  6.1
Spellcasting   | 3 |  3.3
Stealth        | 3 4 6 |  6.0
Fighting       | 2 4 |  4.0
Dodging        | 3 4 |  4.0
Unarmed Combat | 4 3 |  4.0
Evocations     | 1 4 |  4.0
Conjurations   | 1 |  1.1

Action                   |  1- 3 |  4- 6 |  7- 9 || total
-------------------------+-------+-------+-------++-------
Melee: Unarmed           |    23 |    19 |    97 ||   139
       Bite              |     2 |     3 |    21 ||    26
       Punch             |       |       |     4 ||     4
 Cast: Freeze            |    41 |    78 |    35 ||   154
       Frozen Ramparts   |     3 |    19 |    12 ||    34
       Ozocubu's Armour  |       |    11 |    20 ||    31
       Foxfire           |       |       |     7 ||     7
Evoke: Wand              |       |       |     7 ||     7
  Use: Scroll            |     4 |       |     4 ||     8
       Potion            |       |       |     5 ||     5
 Stab: Sleeping          |    11 |     8 |     3 ||    22
Armor: Skin              |     2 |     5 |    37 ||    44
Dodge: Dodged            |    29 |    56 |   145 ||   230
Block: Other             |     1 |    11 |       ||    12

Table legend: (Time is in decaauts)
 A = Elapsed time spent in this place.
 B = Non-inter-level travel time spent in this place.
 C = Inter-level travel time spent in this place.
 D = Time resting spent in this place.
 E = Time spent auto-exploring this place.
 F = Levels seen in this place.
 G = Mean time per level.
                   A        B        C        D        E       F      G
               +--------+--------+--------+--------+--------+-----+--------+
         Total |   8061 |   7718 |    343 |   2449 |   3810 |   8 | 1007.6 |
       Dungeon |   7742 |   7399 |    343 |   2333 |   3702 |   7 | 1106.0 |
         Sewer |    318 |    318 |      0 |    115 |    107 |   1 |  318.0 |
               +--------+--------+--------+--------+--------+-----+--------+

Top non-repeatable levels by time:
     D:4: 2563 daAuts
     D:1: 1450 daAuts
     D:6: 1005 daAuts
     D:5: 975 daAuts
     D:3: 823 daAuts
     D:2: 658 daAuts
   Sewer: 318 daAuts
     D:7: 264 daAuts
